| TOP OF THE 1ST |
|
Jackson Generals batting - Pitching for Birmingham Barons : LHP Chris Morales
|
|
Pitching: LHP Chris Morales
|
|
|
Batting: RHB Mike Conaway
|
0-0: Ball 1-0: Ground out 5-3 (Groundball, 5L, EV 96.2 MPH)
|
|
Batting: RHB Chris Olheiser
|
0-0: Fly out, F9 (Flyball, 9D, EV 110.0 MPH)
|
|
Batting: RHB Kinzo Yokoyama
|
0-0: SINGLE (Flyball, 4D, EV 95.6 MPH)
|
|
Batting: RHB Jeff Cox
|
0-0: Ball 1-0: Foul Ball, location: 2F 1-1: Ball Kinzo Yokoyama is caught stealing 2nd base 2-4
|
| Top of the 1st over - 0 runs, 1 hit, 0 errors, 0 left on base; Jackson 0 - Birmingham 0 |
| BOTTOM OF THE 1ST |
|
Birmingham Barons batting - Pitching for Jackson Generals : LHP Andy Mathis
|
|
Pitching: LHP Andy Mathis
|
|
|
Batting: LHB Adam Tarbutton
|
0-0: Ball 1-0: Swinging Strike 1-1: Ball 2-1: Foul Ball, location: 2F 2-2: Strikes out swinging
|
|
Batting: SHB Veit Geisler
|
0-0: Called Strike 0-1: SINGLE (Line Drive, 7S, EV 95.0 MPH)
|
|
Batting: RHB Vic Lucatero
|
0-0: Called Strike 0-1: Ball 1-1: SINGLE (Line Drive, 4M, EV 95.0 MPH) Veit Geisler to second
|
|
Batting: RHB Jose Medina
|
0-0: Ball 1-0: Ball Veit Geisler steals 3rd base 2-0: Called Strike 2-1: Swinging Strike 2-2: Fielders Choice at 2nd, 5-4 (Groundball, 56, EV 102.5 MPH) Veit Geisler scores
|
|
Batting: LHB Jason Bell
|
0-0: Ball 1-0: Called Strike Jose Medina is caught stealing 2nd base 2-6
|
| Bottom of the 1st over - 1 run, 2 hits, 0 errors, 0 left on base; Jackson 0 - Birmingham 1 |
| TOP OF THE 2ND |
|
Jackson Generals batting - Pitching for Birmingham Barons : LHP Chris Morales
|
|
Batting: RHB Jeff Cox
|
0-0: Ball 1-0: Called Strike 1-1: Swinging Strike 1-2: Ground out 4-3 (Groundball, 4, EV 86.9 MPH)
|
|
Batting: RHB Nick Edmunds
|
0-0: Foul Ball, location: 2F 0-1: Ground out 4-3 (Groundball, 4S, EV 68.8 MPH)
|
|
Batting: LHB Jason Kinney
|
0-0: Ball 1-0: Ball 2-0: Ball 3-0: Base on Balls
|
|
Batting: RHB Jesus Santiago
|
0-0: Called Strike Jason Kinney is caught stealing 2nd base 2-4
|
| Top of the 2nd over - 0 runs, 0 hits, 0 errors, 0 left on base; Jackson 0 - Birmingham 1 |
| BOTTOM OF THE 2ND |
|
Birmingham Barons batting - Pitching for Jackson Generals : LHP Andy Mathis
|
|
Batting: LHB Jason Bell
|
0-0: Ball 1-0: Called Strike 1-1: Ball 2-1: Ball 3-1: Foul Ball, location: 2F 3-2: Fly out, F8 (Flyball, 8LD, EV 102.5 MPH)
|
|
Batting: LHB Dalton Silveira
|
0-0: Ball 1-0: Ball 2-0: Ball 3-0: Called Strike 3-1: Base on Balls
|
|
Batting: RHB Ron Johansen
|
0-0: Fielders Choice at 2nd, 6-4 (Groundball, 6, EV 98.1 MPH)
|
|
Batting: LHB Matt Hyde
|
0-0: SINGLE (Groundball, 56D, EV 105.6 MPH) Ron Johansen to second Runner from 2nd tries for 3rd, SAFE, no throw by LF
|
|
Batting: RHB Trevor Conklin
|
0-0: Called Strike 0-1: Called Strike 0-2: Ball 1-2: Strikes out swinging
|
| Bottom of the 2nd over - 0 runs, 1 hit, 0 errors, 2 left on base; Jackson 0 - Birmingham 1 |
| TOP OF THE 3RD |
|
Jackson Generals batting - Pitching for Birmingham Barons : LHP Chris Morales
|
|
Batting: RHB Jesus Santiago
|
0-0: Foul Ball, location: 2F 0-1: Foul Ball, location: 2F 0-2: Foul Ball, location: 2F 0-2: Ball 1-2: Ball 2-2: Foul Ball, location: 2F 2-2: Strikes out looking
|
|
Batting: SHB Brendan Bundy
|
0-0: Foul Ball, location: 2F 0-1: Ball 1-1: Ball 2-1: Ball 3-1: Swinging Strike 3-2: Foul Ball, location: 2F 3-2: Strikes out looking
|
|
Batting: RHB Tai Joo
|
0-0: Called Strike 0-1: Ball 1-1: Ball 2-1: Ball 3-1: Called Strike 3-2: Strikes out swinging
|
| Top of the 3rd over - 0 runs, 0 hits, 0 errors, 0 left on base; Jackson 0 - Birmingham 1 |
| BOTTOM OF THE 3RD |
|
Birmingham Barons batting - Pitching for Jackson Generals : LHP Andy Mathis
|
|
Batting: LHB Adam Tarbutton
|
0-0: Foul Ball, location: 2F 0-1: Foul Ball, location: 2F 0-2: Foul Ball, location: 2F 0-2: Ball 1-2: Ground out 1-3 (Groundball, P, EV 76.2 MPH)
|
|
Batting: SHB Veit Geisler
|
0-0: Ball 1-0: Called Strike 1-1: Ball 2-1: Ground out 4-3 (Groundball, 4MD, EV 85.6 MPH)
|
|
Batting: RHB Vic Lucatero
|
0-0: Fly out, F7 (Flyball, 7D, EV 94.4 MPH)
|
| Bottom of the 3rd over - 0 runs, 0 hits, 0 errors, 0 left on base; Jackson 0 - Birmingham 1 |
| TOP OF THE 4TH |
|
Jackson Generals batting - Pitching for Birmingham Barons : LHP Chris Morales
|
|
Batting: RHB Mike Conaway
|
0-0: Ball 1-0: Ball 2-0: Foul Ball, location: 2F 2-1: Ball 3-1: Base on Balls
|
|
Batting: RHB Chris Olheiser
|
0-0: Ball 1-0: Ball Passed Ball! Mike Conaway to second 2-0: Called Strike 2-1: Swinging Strike 2-2: Strikes out swinging
|
|
Batting: RHB Kinzo Yokoyama
|
0-0: Called Strike 0-1: Ball 1-1: Fly out, F5 (Line Drive, 5L, EV 68.8 MPH)
|
|
Batting: RHB Jeff Cox
|
0-0: Ball 1-0: Called Strike 1-1: Ball 2-1: Ball 3-1: Base on Balls
|
|
Batting: RHB Nick Edmunds
|
0-0: Ball 1-0: SINGLE (Line Drive, 6M, EV 101.9 MPH) Mike Conaway to third Jeff Cox to second
|
|
Batting: LHB Jason Kinney
|
0-0: Called Strike 0-1: Ball 1-1: Ball 2-1: Swinging Strike 2-2: Strikes out swinging
|
| Top of the 4th over - 0 runs, 1 hit, 0 errors, 3 left on base; Jackson 0 - Birmingham 1 |
| BOTTOM OF THE 4TH |
|
Birmingham Barons batting - Pitching for Jackson Generals : LHP Andy Mathis
|
|
Batting: RHB Jose Medina
|
0-0: Ball 1-0: Foul Ball, location: 2F 1-1: Swinging Strike 1-2: Ground out 5-3 (Groundball, 56, EV 86.9 MPH)
|
|
Batting: LHB Jason Bell
|
0-0: Ground out 5-3 (Groundball, 56, EV 85.6 MPH)
|
|
Batting: LHB Dalton Silveira
|
0-0: Ball 1-0: Foul Ball, location: 2F 1-1: DOUBLE (Groundball, 3L, EV 108.1 MPH)
|
|
Batting: RHB Ron Johansen
|
0-0: Called Strike 0-1: Called Strike 0-2: Ball 1-2: Ball 2-2: Strikes out swinging
|
| Bottom of the 4th over - 0 runs, 1 hit, 0 errors, 1 left on base; Jackson 0 - Birmingham 1 |
| TOP OF THE 5TH |
|
Jackson Generals batting - Pitching for Birmingham Barons : LHP Chris Morales
|
|
Batting: RHB Jesus Santiago
|
0-0: Called Strike 0-1: Called Strike 0-2: Strikes out swinging
|
|
Batting: SHB Brendan Bundy
|
0-0: Ball 1-0: Swinging Strike 1-1: Foul Ball, location: 2F 1-2: Ball 2-2: SINGLE (Line Drive, 89S, EV 92.5 MPH)
|
|
Batting: RHB Tai Joo
|
0-0: Called Strike 0-1: Ball 1-1: Fielders Choice at 2nd, 6-4 (Groundball, 6, EV 83.8 MPH)
|
|
Batting: RHB Mike Conaway
|
0-0: Called Strike 0-1: Swinging Strike 0-2: Ball 1-2: Ball 2-2: Fielders Choice at 2nd, 5-4 (Groundball, 56, EV 86.9 MPH)
|
| Top of the 5th over - 0 runs, 1 hit, 0 errors, 1 left on base; Jackson 0 - Birmingham 1 |
| BOTTOM OF THE 5TH |
|
Birmingham Barons batting - Pitching for Jackson Generals : LHP Andy Mathis
|
|
Batting: LHB Matt Hyde
|
0-0: Called Strike 0-1: Ground out 4-3 (Groundball, 34, EV 86.2 MPH)
|
|
Batting: RHB Trevor Conklin
|
0-0: Ball 1-0: Foul Ball, location: 2F 1-1: Called Strike 1-2: Ball 2-2: Foul Ball, location: 2F 2-2: Ball 3-2: Foul Ball, location: 2F 3-2: Base on Balls
|
|
Batting: LHB Adam Tarbutton
|
0-0: Reached via error on a dropped throw from 3B, E3 (Groundball, 56S, EV 65.0 MPH) Trevor Conklin to second
|
|
Batting: SHB Veit Geisler
|
0-0: Called Strike 0-1: Ball 1-1: Ball 2-1: Ball 3-1: SINGLE (Groundball, 56D, EV 95.6 MPH) Trevor Conklin to third Adam Tarbutton to second Runner from 3rd tries for Home, throw by LF and OUT! 7-2
|
|
Batting: RHB Vic Lucatero
|
0-0: Ball 1-0: Ball 2-0: Ball 3-0: Called Strike 3-1: Base on Balls Adam Tarbutton to third Veit Geisler to second
|
|
Batting: RHB Jose Medina
|
0-0: Ball 1-0: Called Strike 1-1: Swinging Strike 1-2: Strikes out swinging
|
| Bottom of the 5th over - 0 runs, 1 hit, 1 error, 3 left on base; Jackson 0 - Birmingham 1 |
| TOP OF THE 6TH |
|
Jackson Generals batting - Pitching for Birmingham Barons : LHP Chris Morales
|
|
Batting: RHB Chris Olheiser
|
0-0: Called Strike 0-1: Called Strike 0-2: Hit by Pitch
|
|
Batting: RHB Kinzo Yokoyama
|
0-0: Ball 1-0: Ball 2-0: Ball 3-0: Foul Ball, location: 2F 3-1: Fly out, F7 (Flyball, 7S, EV 84.4 MPH)
|
|
Batting: RHB Jeff Cox
|
0-0: Ball 1-0: Ball 2-0: Foul Ball, location: 2F 2-1: Foul Ball, location: 2F 2-2: Foul Ball, location: 2F 2-2: Ball 3-2: Foul Ball, location: 2F 3-2: Foul Ball, location: 2F 3-2: Grounds into double play, 5-4-3 (Groundball, 56, EV 92.5 MPH)
|
| Top of the 6th over - 0 runs, 0 hits, 0 errors, 0 left on base; Jackson 0 - Birmingham 1 |
| BOTTOM OF THE 6TH |
|
Birmingham Barons batting - Pitching for Jackson Generals : LHP Andy Mathis
|
|
Batting: LHB Jason Bell
|
0-0: Ball 1-0: Ball 2-0: Ball 3-0: Base on Balls
|
|
Batting: LHB Dalton Silveira
|
0-0: SINGLE (Groundball, 34S, EV 65.0 MPH) (infield hit) Jason Bell to second
|
|
Batting: RHB Ron Johansen
|
0-0: Called Strike 0-1: Ball 1-1: Fielders Choice at 2nd, 6-4 (Groundball, 6, EV 90.0 MPH) Jason Bell to third
|
|
Pitching: RHP Marty Maginnis
|
|
|
Batting: LHB Matt Hyde
|
0-0: Ball 1-0: Ball 2-0: Foul Ball, location: 2F 2-1: Swinging Strike 2-2: Foul Ball, location: 2F 2-2: Ball 3-2: Reached on error, E5 (Groundball, 56S, EV 67.5 MPH) Jason Bell scores Ron Johansen to second
|
|
Batting: RHB Trevor Conklin
|
0-0: Fielders Choice at 2nd, 6-4 (Groundball, 6, EV 84.4 MPH) Ron Johansen to third
|
|
Batting: LHB Adam Tarbutton
|
0-0: Ball 1-0: Swinging Strike 1-1: Ball 2-1: Ground out 4-3 (Groundball, 34D, EV 107.5 MPH)
|
| Bottom of the 6th over - 1 run, 1 hit, 1 error, 2 left on base; Jackson 0 - Birmingham 2 |
| TOP OF THE 7TH |
|
Jackson Generals batting - Pitching for Birmingham Barons : LHP Chris Morales
|
|
Pitching: LHP William Garcia
|
|
|
Now at 1B: Matt Hyde
|
|
|
Now at 3B: Matt Childers
|
|
|
Now in LF: Herkko Haavikko
|
|
|
Batting: RHB Nick Edmunds
|
0-0: Ground out 6-3 (Groundball, 6, EV 101.2 MPH)
|
|
Batting: LHB Jason Kinney
|
0-0: Called Strike 0-1: Swinging Strike 0-2: Strikes out swinging
|
|
Batting: RHB Jesus Santiago
|
0-0: Ball 1-0: Foul Ball, location: 2F 1-1: Ball 2-1: Foul Ball, location: 2F 2-2: Foul Ball, location: 2F 2-2: Foul Ball, location: 2F 2-2: Fly out, F7 (Flyball, 7D, EV 93.8 MPH)
|
| Top of the 7th over - 0 runs, 0 hits, 0 errors, 0 left on base; Jackson 0 - Birmingham 2 |
| BOTTOM OF THE 7TH |
|
Birmingham Barons batting - Pitching for Jackson Generals : RHP Marty Maginnis
|
|
Batting: SHB Veit Geisler
|
0-0: Ball 1-0: Ball 2-0: Ball 3-0: Base on Balls
|
|
Batting: RHB Vic Lucatero
|
Pickoff Play to 1st, Runner tries for 2nd, OUT after rundown. 0-0: Ball 1-0: Foul Ball, location: 2F 1-1: Ball 2-1: Ground out U3 (Groundball, 13, EV 83.1 MPH)
|
|
Batting: RHB Jose Medina
|
0-0: Ball 1-0: Ball 2-0: Ball 3-0: Called Strike 3-1: Base on Balls
|
|
Batting: LHB Jason Bell
|
0-0: Ball Jose Medina steals 2nd base 1-0: Fly out, F8 (Line Drive, 8RM, EV 104.4 MPH)
|
| Bottom of the 7th over - 0 runs, 0 hits, 0 errors, 1 left on base; Jackson 0 - Birmingham 2 |
| TOP OF THE 8TH |
|
Jackson Generals batting - Pitching for Birmingham Barons : LHP William Garcia
|
|
Batting: SHB Brendan Bundy
|
0-0: Called Strike 0-1: Foul Ball, location: 2F 0-2: SINGLE (Groundball, 56S, EV 69.4 MPH) (infield hit)
|
|
Batting: RHB Tai Joo
|
0-0: Ball 1-0: Ball 2-0: Ball 3-0: Called Strike 3-1: Ground out U3 (Groundball, 34S, EV 69.4 MPH) Brendan Bundy to second
|
|
Batting: RHB Mike Conaway
|
0-0: Ground out 6-3 (Groundball, 6, EV 87.5 MPH)
|
|
Batting: RHB Chris Olheiser
|
0-0: Called Strike 0-1: Foul Ball, location: 2F 0-2: Ball 1-2: Foul Ball, location: 2F 1-2: Foul Ball, location: 2F 1-2: Ball 2-2: Strikes out swinging
|
| Top of the 8th over - 0 runs, 1 hit, 0 errors, 1 left on base; Jackson 0 - Birmingham 2 |
| BOTTOM OF THE 8TH |
|
Birmingham Barons batting - Pitching for Jackson Generals : RHP Marty Maginnis
|
|
Batting: LHB Herkko Haavikko
|
0-0: Ball 1-0: Foul Ball, location: 2F 1-1: Called Strike 1-2: Strikes out swinging
|
|
Batting: SHB Matt Childers
|
0-0: Foul Ball, location: 2F 0-1: Foul Ball, location: 2F 0-2: Hit by Pitch
|
|
Batting: LHB Matt Hyde
|
0-0: Foul Ball, location: 2F 0-1: Swinging Strike 0-2: Strikes out swinging
|
|
Batting: RHB Trevor Conklin
|
0-0: Ball 1-0: Called Strike 1-1: Fly out, F8 (Line Drive, 8RD, EV 90.6 MPH)
|
| Bottom of the 8th over - 0 runs, 0 hits, 0 errors, 1 left on base; Jackson 0 - Birmingham 2 |
| TOP OF THE 9TH |
|
Jackson Generals batting - Pitching for Birmingham Barons : LHP William Garcia
|
|
Pitching: LHP Amari Miller
|
|
|
Batting: RHB Kinzo Yokoyama
|
0-0: Ball 1-0: Ball 2-0: Ball 3-0: Called Strike 3-1: SINGLE (Line Drive, 7LS, EV 107.5 MPH)
|
|
Batting: RHB Jeff Cox
|
0-0: Foul Ball, location: 2F 0-1: Ball 1-1: Ball 2-1: Called Strike 2-2: Fly out, F9 (Flyball, 89D, EV 98.8 MPH)
|
|
Batting: RHB Nick Edmunds
|
0-0: Ball 1-0: Ball 2-0: Ball 3-0: Base on Balls Kinzo Yokoyama to second
|
|
Batting: RHB Ryan Criollo
|
0-0: Called Strike 0-1: Called Strike 0-2: Strikes out swinging
|
|
Batting: RHB Jesus Santiago
|
0-0: Called Strike 0-1: Called Strike 0-2: Strikes out looking
|
| Top of the 9th over - 0 runs, 1 hit, 0 errors, 2 left on base; Jackson 0 - Birmingham 2 |
|